 Dungeon Crawl Stone Soup version 0.29.1-12-g30fa7ad0bf (webtiles) character file.

Game seed: 5872111144411846931

201 hawla the Firebug (level 6, -8/45 HPs)
             Began as a Meteoran Fire Elementalist on Jan 5, 2023.
             Mangled by an orc priest
             ... wielding a +0 falchion
              (9 damage)
             ... on level 4 of the Dungeon.
             The game lasted 00:06:18 (804 turns).

hawla the Firebug (Meteoran Fire Elementalist)       Turns: 804, Time: 00:06:19

Health: -8/45      AC:  2    Str:  9    XL:     6   Next: 29%
Magic:  1/12       EV: 13    Int: 18    God:
Gold:   127        SH:  0    Dex: 16    Spells: 5/12 levels left

rFire   . . .      SeeInvis .   (no weapon)
rCold   . . .      Faith    .   (no shield)
rNeg    . . .      Spirit   .   a - +0 robe
rPois   .          Reflect  .   (no helmet)
rElec   .          Harm     .   (no cloak)
rCorr   .          Rampage  .   (no gloves)
Will    .....                   (no boots)
Stlth   +.........              (no amulet)
HPRegen 0.15/turn               (no ring)
MPRegen 0.13/turn               (no ring)

@: glowing
A: sense surroundings 1, otherworldly, glowing, explore regen
a: no special abilities


You were on level 4 of the Dungeon.
You visited 1 branch of the dungeon, and saw 4 of its levels.

You collected 127 gold pieces.

Inventory:

Armour
 a - a +0 robe (worn)


   Skills:
 + Level 0.1 Fighting
 + Level 2.9 Dodging
 - Level 1.4 Stealth
 + Level 3.9 Spellcasting
 + Level 4.7 Conjurations
 + Level 4.7 Fire Magic


You had 5 spell levels left.
You knew the following spells:

 Your Spells              Type           Power      Damage    Failure   Level
a - Foxfire               Conj/Fire      80%        2x1d8     1%          1
b - Scorch                Fire           40%        2d7       3%          2
c - Flame Wave            Conj/Fire      20%        2d7       21%         4

Your spell library contained the following spells:

 Spells                   Type           Power      Damage    Failure   Level
 Conjure Flame            Conj/Fire      20%        6-21      6%          3
 Slow                     Hex            12%        N/A       16%         1
 Inner Flame              Hex/Fire       12%        N/A       17%         3
 Confusing Touch          Hex            3%         N/A       41%         3
 Vampiric Draining        Necr           3%         2d6       41%         3


Dungeon Overview and Level Annotations

Branches:
Dungeon (4/15) Zot: 1589
 Temple: D:4-7

Altars:


Innate Abilities, Weirdness & Mutations

You passively map a small area around you.
You are easily found by Zot.
You glow in the dark.
You regain HP and MP as you explore.


Message History

Unknown command.
You aren't carrying any potions.
As you read the scroll labelled FUDIGO RIMEIN, it crumbles to dust.
You feel strangely unstable.
It was a scroll of teleportation.
The orc wizard hits you with a +0 dagger.
* * * LOW HITPOINT WARNING * * *
You closely miss the orc wizard.
The orc wizard is moderately wounded.
The orc wizard barely misses you.
You barely miss the orc wizard.
The orc wizard is moderately wounded.
Your surroundings suddenly seem different.
An orc priest comes into view. It is wielding a +0 falchion.
Found the +7 staff of the Meek {protect, meekguard} and a human corpse.
Found a roughly hewn altar of Beogh.
Casting: Scorch (safe; 3% risk of failure)
Confirm with . or Enter, or press ? or * to list all spells.
You don't have enough magic to cast this spell.
Casting: Scorch (safe; 3% risk of failure)
Confirm with . or Enter, or press ? or * to list all spells.
You conjure some foxfire!
The orc priest miscasts a cantrip.
You barely miss the orc priest.
The foxfire hits the orc priest.
The orc priest is moderately wounded.
The orc priest suddenly jeers, as Orcs often do.
The orc priest invokes the aid of Beogh against you.
Beogh smites you!
* * * LOW HITPOINT WARNING * * *
You hear a shout!
You hit the orc priest.
The orc priest is moderately wounded.
The orc priest hits you with a +0 falchion.
* * * LOW HITPOINT WARNING * * *
An orc comes into view. It is wielding a +0 short sword.
Your magical contamination has completely faded away.
Unknown command.
You hit the orc priest.
The orc priest is moderately wounded.
The orc priest hits you with a +0 falchion!
You die...

#.# #.# **** #.# #.#
********,,,
#.#*###*##,,,,,,,,**
#)##8###8#**,******
#.#...#.o,,*,*
###8...#*,,*,*
*_)...#,,,,,*
**#8o..#*,,***
*,#@..#,,,,*
*,##8##*8***
*,,*##,***
*,,***,*************
*,,,,,,,,,,,,,,,,,,,
*,,***,,,,**********
*,,* *,**,,,,,,,,,*
*,** *,**********,**
****,****,* *,,,


You could see an orc priest and an orc.

Vanquished Creatures
  Jessica (D:2)
  Natasha (thrice) (D:2)
  An orc wizard (D:2)
  5 adders
  A dart slug (D:2)
  4 orcs
  2 endoplasms
  2 giant cockroaches
  4 goblins
  2 quokkas
  A ball python (D:2)
  3 bats (D:2)
  A frilled lizard (D:2)
  2 rats (D:2)
32 creatures vanquished.

Vanquished Creatures (others)
  64 foxfires
  4 fungi (D:2)
68 creatures vanquished.

Grand Total: 100 creatures vanquished

Notes
Turn   | Place    | Note
-------+----------+-------------------------------------------
     0 | D:1      | hawla the Meteoran Fire Elementalist began the quest for
                  | the Orb.
     0 | D:1      | Reached XP level 1. HP: 14/14 MP: 5/5
    75 | D:2      | Reached XP level 2. HP: 20/20 MP: 2/7
    80 | D:2      | Learned a level 2 spell: Scorch
   115 | D:3      | Reached XP level 3. HP: 11/26 MP: 0/8
   167 | D:2      | Noticed Jessica
   201 | D:2      | Killed Jessica
   202 | D:2      | Reached XP level 4. HP: 28/33 MP: 2/10
   207 | D:2      | Learned a level 4 spell: Flame Wave
   319 | D:2      | Noticed Natasha
   324 | D:2      | Killed Natasha
   325 | D:2      | Reached XP level 5. HP: 38/38 MP: 5/11
   332 | D:2      | Noticed Natasha
   337 | D:2      | Killed Natasha
   605 | D:2      | Noticed Natasha
   614 | D:2      | Killed Natasha
   637 | D:2      | Reached XP level 6. HP: 25/45 MP: 2/12
   800 | D:4      | Found the +7 staff of the Meek {protect, meekguard}
   802 | D:4      | HP: 2/45 [orc priest/divine providence (10)]
   804 | D:4      | Mangled by an orc priest

Illustrated notes

Levels and vault maps discovered:
D:1:      beargit_arrival_greenhouse, layout_rooms, chequers_big_river
D:2:      layout_basic, hangedman_abyss_or_decor_lesser_grid,
          minmay_tetromino_t2, uniq_crazy_yiuf_cottage, uniq_natasha,
          uniq_jessica
D:3:      layout_loops_ring, grunt_temple_overflow_open, serial_shops, shop,
          hellmonk_ecumenical_altar_crossroads
D:4:      layout_rooms, chequers_arboretum, pf_guarded_unrand_meek

Skill      XL: |  1  2  3  4  5 |
---------------+----------------+-----
Spellcasting   | 3 |  3.9
Fire Magic     | 4 |  4.7
Conjurations   | 3 4 |  4.7
Fighting       | |  0.1
Dodging        | |  2.9
Stealth        | |  1.4

Action                   |  1- 3 |  4- 6 || total
-------------------------+-------+-------++-------
Melee: Unarmed           |     3 |     9 ||    12
       Punch             |       |     1 ||     1
 Cast: Foxfire           |    16 |    22 ||    38
       Scorch            |     9 |    18 ||    27
  Use: Scroll            |     1 |     3 ||     4
       Potion            |     2 |       ||     2
Armor: Robe              |     3 |     2 ||     5
Dodge: Dodged            |     8 |    10 ||    18
